PAA
ITHACA FIGHTING IMPS @ NUEVO MEXICO MARIACHIS
08/20/2042
 
TOP OF THE 1ST
Ithaca Fighting Imps batting - Pitching for Nuevo Mexico Mariachis : LHP Fernando Campos
Pitching: LHP Fernando Campos
Batting: RHB Daryl Pethick 0-0: Ball
1-0: Called Strike
1-1: Ball
2-1: Swinging Strike
2-2: Strikes out swinging
Batting: RHB Pepe Savinon 0-0: Ball
1-0: Ball
2-0: Ball
3-0: Fly out, F7 (Flyball, 7S, EV 86.2 MPH)
Batting: LHB Tokaji Mizuno 0-0: Ball
1-0: Foul Ball, location: 2F
1-1: Ball
2-1: Foul Ball, location: 2F
2-2: Strikes out swinging
Top of the 1st over - 0 runs, 0 hits, 0 errors, 0 left on base; Ithaca 0 - Nuevo Mexico 0
BOTTOM OF THE 1ST
Nuevo Mexico Mariachis batting - Pitching for Ithaca Fighting Imps : RHP John Fleming
Pitching: RHP John Fleming
Batting: RHB José Salas 0-0: Called Strike
0-1: Ground out 1-3 (Groundball, 34S, EV 83.1 MPH)
Batting: RHB Jaime Montés 0-0: Called Strike
0-1: Ball
1-1: Ball
2-1: Foul Ball, location: 2F
2-2: Fly out, F8 (Line Drive, 8LM, EV 105.0 MPH)
Batting: LHB Carlos Díaz 0-0: Foul Ball, location: 2F
0-1: Fly out, F6 (Popup, 6D, EV 70.6 MPH)
Bottom of the 1st over - 0 runs, 0 hits, 0 errors, 0 left on base; Ithaca 0 - Nuevo Mexico 0
TOP OF THE 2ND
Ithaca Fighting Imps batting - Pitching for Nuevo Mexico Mariachis : LHP Fernando Campos
Batting: RHB Aloysius Szymanski 0-0: Ball
1-0: Called Strike
1-1: Ball
2-1: Ball
3-1: Base on Balls
Batting: SHB Paul Wood 0-0: Ball
1-0: Called Strike
1-1: Grounds into double play, 5-4-3 (Groundball, 56, EV 97.5 MPH)
Batting: RHB Everett Garland 0-0: Ball
1-0: Fly out, F8 (Flyball, 89M, EV 94.4 MPH)
Top of the 2nd over - 0 runs, 0 hits, 0 errors, 0 left on base; Ithaca 0 - Nuevo Mexico 0
BOTTOM OF THE 2ND
Nuevo Mexico Mariachis batting - Pitching for Ithaca Fighting Imps : RHP John Fleming
Batting: RHB Alfredo Valdéz 0-0: Ball
1-0: Foul Ball, location: 2F
1-1: Ball
2-1: Fly out, F9 (Flyball, 9D, EV 86.9 MPH)
Batting: LHB Albert Porter 0-0: Swinging Strike
0-1: Ball
1-1: Swinging Strike
1-2: Strikes out swinging
Batting: LHB Greg Rogers 0-0: Called Strike
0-1: Foul Ball, location: 2F
0-2: Strikes out swinging
Bottom of the 2nd over - 0 runs, 0 hits, 0 errors, 0 left on base; Ithaca 0 - Nuevo Mexico 0
TOP OF THE 3RD
Ithaca Fighting Imps batting - Pitching for Nuevo Mexico Mariachis : LHP Fernando Campos
Batting: SHB Claude Long 0-0: Foul Ball, location: 2F
0-1: Reached on error, E6 (Groundball, 6MD, EV 100.6 MPH)
Batting: RHB J.J. Holmes 0-0: Ball
1-0: Called Strike
1-1: SINGLE (Groundball, 56D, EV 100.0 MPH)
Claude Long to second
Batting: RHB Pedro Costa 0-0: Called Strike
0-1: Swinging Strike
0-2: Foul Ball, location: 2F
0-2: Strikes out looking
Batting: RHB Daryl Pethick 0-0: Foul Ball, location: 2F
0-1: Called Strike
0-2: Strikes out swinging
Batting: RHB Pepe Savinon 0-0: Fly out, F9 (Flyball, 9LSF, EV 91.9 MPH)
Top of the 3rd over - 0 runs, 1 hit, 1 error, 2 left on base; Ithaca 0 - Nuevo Mexico 0
BOTTOM OF THE 3RD
Nuevo Mexico Mariachis batting - Pitching for Ithaca Fighting Imps : RHP John Fleming
Batting: RHB Pedro Santos 0-0: Called Strike
0-1: Foul Ball, location: 2F
0-2: Foul Ball, location: 2F
0-2: Ball
1-2: Ball
2-2: Ball
3-2: Base on Balls
Batting: LHB Ryutaro Watanabe 0-0: Swinging Strike
0-1: Swinging Strike
0-2: Ball
1-2: TRIPLE (Flyball, 89XD, EV 91.2 MPH)
Pedro Santos scores
Batting: RHB Sergio Dávalos 0-0: Ball
1-0: Called Strike
1-1: Foul Ball, location: 2F
1-2: Foul Ball, location: 2F
1-2: Foul Ball, location: 2F
1-2: Foul Ball, location: 2F
1-2: Ball
2-2: Foul Ball, location: 2F
2-2: Foul Ball, location: 2F
2-2: Fly out, F2 (Popup, 23F, EV 88.8 MPH)
Batting: RHB José Salas 0-0: Ball
1-0: Ball
2-0: DOUBLE (Groundball, 5L, EV 101.9 MPH)
Ryutaro Watanabe scores
Batting: RHB Jaime Montés 0-0: Ball
1-0: Ball
2-0: Called Strike
2-1: SINGLE (Groundball, 6MD, EV 103.1 MPH)
José Salas to third
Runner from 3rd tries for Home, SAFE, throw by CF to home
Batting: LHB Carlos Díaz 0-0: Called Strike
0-1: Fielders Choice at 2nd, 4-6 (Groundball, 4, EV 80.0 MPH)
Batting: RHB Alfredo Valdéz 0-0: Called Strike
0-1: Ball
1-1: Foul Ball, location: 2F
1-2: Ball
2-2: Fly out, F9 (Flyball, 9S, EV 86.2 MPH)
Bottom of the 3rd over - 3 runs, 3 hits, 0 errors, 1 left on base; Ithaca 0 - Nuevo Mexico 3
TOP OF THE 4TH
Ithaca Fighting Imps batting - Pitching for Nuevo Mexico Mariachis : LHP Fernando Campos
Batting: LHB Tokaji Mizuno 0-0: Ball
1-0: Swinging Strike
1-1: Swinging Strike
1-2: Foul Ball, location: 2F
1-2: Ball
2-2: Fly out, F8 (Flyball, 78M, EV 91.2 MPH)
Batting: RHB Aloysius Szymanski 0-0: Ball
1-0: Ground out 6-3 (Groundball, 6, EV 81.9 MPH)
Batting: SHB Paul Wood 0-0: Called Strike
0-1: Ball
1-1: Ball
2-1: Ball
3-1: Swinging Strike
3-2: Base on Balls
Batting: RHB Everett Garland 0-0: Ball
1-0: 2-RUN HOME RUN (Flyball, 78XD, EV 101.2 MPH), Distance : 416 ft
Batting: SHB Claude Long 0-0: Ground out 5-3 (Groundball, 56S, EV 68.8 MPH)
Top of the 4th over - 2 runs, 1 hit, 0 errors, 0 left on base; Ithaca 2 - Nuevo Mexico 3
BOTTOM OF THE 4TH
Nuevo Mexico Mariachis batting - Pitching for Ithaca Fighting Imps : RHP John Fleming
Batting: LHB Albert Porter 0-0: Called Strike
0-1: Called Strike
0-2: Ball
1-2: Ball
2-2: Foul Ball, location: 2F
2-2: Ball
3-2: Strikes out looking
Batting: LHB Greg Rogers 0-0: Ball
1-0: SINGLE (Groundball, 6MS, EV 73.8 MPH) (infield hit)
Batting: RHB Pedro Santos 0-0: Ball
1-0: Foul Ball, location: 2F
1-1: Ball
2-1: Foul Ball, location: 2F
2-2: Foul Ball, location: 2F
2-2: Foul Ball, location: 2F
2-2: Fly out, F9 (Flyball, 9LS, EV 73.8 MPH)
Batting: LHB Ryutaro Watanabe 0-0: Ball
1-0: Ball
2-0: 2-RUN HOME RUN (Flyball, 9D, EV 99.4 MPH), Distance : 347 ft
Batting: RHB Sergio Dávalos 0-0: Called Strike
0-1: Foul Ball, location: 2F
0-2: Ball
1-2: Ball
2-2: Fly out, F9 (Flyball, 9LM, EV 102.5 MPH)
Bottom of the 4th over - 2 runs, 2 hits, 0 errors, 0 left on base; Ithaca 2 - Nuevo Mexico 5
TOP OF THE 5TH
Ithaca Fighting Imps batting - Pitching for Nuevo Mexico Mariachis : LHP Fernando Campos
Batting: RHB J.J. Holmes 0-0: Fly out, F8 (Flyball, 8RXD, EV 93.8 MPH)
Batting: RHB Pedro Costa 0-0: Ball
1-0: Foul Ball, location: 2F
1-1: Fly out, F8 (Flyball, 8RM, EV 80.0 MPH)
Batting: RHB Daryl Pethick 0-0: Swinging Strike
0-1: Ball
1-1: Ball
2-1: Ball
3-1: SINGLE (Groundball, 5L, EV 95.6 MPH)
Batting: RHB Pepe Savinon 0-0: Fly out, F7 (Line Drive, 7, EV 103.8 MPH)
Top of the 5th over - 0 runs, 1 hit, 0 errors, 1 left on base; Ithaca 2 - Nuevo Mexico 5
BOTTOM OF THE 5TH
Nuevo Mexico Mariachis batting - Pitching for Ithaca Fighting Imps : RHP John Fleming
Batting: RHB José Salas 0-0: Foul Ball, location: 2F
0-1: Foul Ball, location: 2F
0-2: Ball
1-2: Foul Ball, location: 2F
1-2: Strikes out swinging
Batting: RHB Jaime Montés 0-0: SINGLE (Groundball, 23, EV 74.4 MPH) (infield hit)
Batting: LHB Carlos Díaz 0-0: Foul Ball, location: 2F
0-1: Called Strike
0-2: Ball
1-2: Ball
2-2: Ball
3-2: Strikes out looking
Batting: RHB Alfredo Valdéz 0-0: Ball
1-0: Foul Ball, location: 2F
1-1: Foul Ball, location: 2F
1-2: Ground out 4-3 (Groundball, 34, EV 88.8 MPH)
Bottom of the 5th over - 0 runs, 1 hit, 0 errors, 1 left on base; Ithaca 2 - Nuevo Mexico 5
TOP OF THE 6TH
Ithaca Fighting Imps batting - Pitching for Nuevo Mexico Mariachis : LHP Fernando Campos
Batting: LHB Tokaji Mizuno 0-0: Ball
1-0: Called Strike
1-1: SINGLE (Groundball, 4MD, EV 103.8 MPH)
Batting: RHB Aloysius Szymanski 0-0: Ball
1-0: Ball
2-0: Ball
3-0: Base on Balls
Tokaji Mizuno to second
Batting: SHB Paul Wood 0-0: Grounds into double play, 4-6-3 (Groundball, 4, EV 83.8 MPH)
Tokaji Mizuno to third
Batting: RHB Everett Garland 0-0: Called Strike
0-1: Ball
1-1: Called Strike
1-2: Strikes out looking
Top of the 6th over - 0 runs, 1 hit, 0 errors, 1 left on base; Ithaca 2 - Nuevo Mexico 5
BOTTOM OF THE 6TH
Nuevo Mexico Mariachis batting - Pitching for Ithaca Fighting Imps : RHP John Fleming
Batting: LHB Albert Porter 0-0: DOUBLE (Line Drive, 5D, EV 98.1 MPH)
Batting: LHB Greg Rogers 0-0: Called Strike
0-1: DOUBLE (Flyball, 8RXD, EV 103.1 MPH)
Albert Porter scores
Pitching: RHP Don Murray
Batting: RHB Pedro Santos 0-0: Swinging Strike
0-1: Ball
1-1: Ball
2-1: Bunted foul
2-2: 2-RUN HOME RUN (Line Drive, 9D, EV 103.1 MPH), Distance : 350 ft
Batting: LHB Ryutaro Watanabe 0-0: Ball
1-0: Ball
2-0: Foul Ball, location: 2F
2-1: Ball
3-1: Foul Ball, location: 2F
3-2: Base on Balls
Batting: RHB Sergio Dávalos 0-0: Ball
1-0: Ball
2-0: Called Strike
2-1: Ball
3-1: Base on Balls
Ryutaro Watanabe to second
Batting: RHB José Salas 0-0: Ball
1-0: Fly out, F9 (Line Drive, 9, EV 90.0 MPH)
Batting: RHB Jaime Montés 0-0: Called Strike
0-1: Ball
1-1: Foul Ball, location: 2F
1-2: Ball
2-2: Ball
3-2: Foul Ball, location: 2F
3-2: Fly out, F8 (Flyball, 89D, EV 80.6 MPH)
Runner from 2nd tags up, SAFE at 3rd, no throw by CF
Batting: LHB Carlos Díaz 0-0: Called Strike
0-1: Fielders Choice at 2nd, 5-4 (Groundball, 56, EV 103.8 MPH)
Bottom of the 6th over - 3 runs, 3 hits, 0 errors, 2 left on base; Ithaca 2 - Nuevo Mexico 8
TOP OF THE 7TH
Ithaca Fighting Imps batting - Pitching for Nuevo Mexico Mariachis : LHP Fernando Campos
Batting: SHB Claude Long 0-0: Called Strike
0-1: Ground out 5-3 (Groundball, 5, EV 79.4 MPH)
Batting: RHB J.J. Holmes 0-0: Called Strike
0-1: SINGLE (Groundball, 4MD, EV 97.5 MPH)
Batting: RHB Pedro Costa 0-0: Ball
1-0: Fly out, F3 (Popup, 3F, EV 67.5 MPH)
Batting: RHB Daryl Pethick 0-0: Foul Ball, location: 2F
0-1: Ball
1-1: Foul Ball, location: 2F
1-2: Strikes out swinging
Top of the 7th over - 0 runs, 1 hit, 0 errors, 1 left on base; Ithaca 2 - Nuevo Mexico 8
BOTTOM OF THE 7TH
Nuevo Mexico Mariachis batting - Pitching for Ithaca Fighting Imps : RHP Don Murray
Batting: RHB Alfredo Valdéz 0-0: Swinging Strike
0-1: Called Strike
0-2: Foul Ball, location: 2F
0-2: Foul Ball, location: 2F
0-2: Ball
1-2: Strikes out swinging, 2-3 out at first.
Batting: LHB Albert Porter 0-0: DOUBLE (Flyball, 8LXD, EV 101.2 MPH)
Pitching: RHP Martin van der Veen
Batting: LHB Greg Rogers 0-0: Ball
1-0: Called Strike
1-1: Swinging Strike
1-2: Ball
Wild Pitch!
Albert Porter to third
2-2: Strikes out swinging
Batting: RHB Pedro Santos 0-0: Ball
1-0: Foul Ball, location: 2F
1-1: Ball
2-1: Ball
3-1: Called Strike
3-2: Fly out, F9 (Flyball, 9LD, EV 87.5 MPH)
Bottom of the 7th over - 0 runs, 1 hit, 0 errors, 1 left on base; Ithaca 2 - Nuevo Mexico 8
TOP OF THE 8TH
Ithaca Fighting Imps batting - Pitching for Nuevo Mexico Mariachis : LHP Fernando Campos
Batting: RHB Pepe Savinon 0-0: Ball
1-0: Swinging Strike
1-1: Swinging Strike
1-2: Foul Ball, location: 2F
1-2: Ball
2-2: Ball
3-2: Foul Ball, location: 2F
3-2: SINGLE (Groundball, 6MD, EV 101.9 MPH)
Pitching: RHP Cakaraka Subramanya
Batting: LHB Tokaji Mizuno 0-0: Called Strike
0-1: Fielders Choice at 2nd, 4-6 (Groundball, 4M, EV 85.6 MPH)
Batting: RHB Aloysius Szymanski 0-0: Ball
1-0: Fly out, F7 (Flyball, 78M, EV 69.4 MPH)
Batting: SHB Paul Wood 0-0: Foul Ball, location: 2F
0-1: Foul Ball, location: 2F
0-2: Strikes out looking
Top of the 8th over - 0 runs, 1 hit, 0 errors, 1 left on base; Ithaca 2 - Nuevo Mexico 8
BOTTOM OF THE 8TH
Nuevo Mexico Mariachis batting - Pitching for Ithaca Fighting Imps : RHP Martin van der Veen
Batting: LHB Ryutaro Watanabe 0-0: Called Strike
0-1: Fly out, F7 (Line Drive, 7, EV 98.1 MPH)
Batting: RHB Sergio Dávalos 0-0: Foul Ball, location: 2F
0-1: Ball
1-1: SINGLE (Line Drive, 4M, EV 103.8 MPH)
Batting: RHB José Salas 0-0: Ball
1-0: Called Strike
1-1: Called Strike
1-2: Ball
2-2: Strikes out swinging
Batting: RHB Jaime Montés 0-0: Called Strike
0-1: Ball
1-1: SINGLE (Flyball, 78M, EV 89.4 MPH)
Sergio Dávalos to second
Batting: LHB Carlos Díaz 0-0: Ball
1-0: Ball
2-0: Called Strike
2-1: SINGLE (Flyball, 9LS, EV 92.5 MPH)
Sergio Dávalos to third
Jaime Montés to second
Batting: RHB Alfredo Valdéz 0-0: Called Strike
0-1: Called Strike
0-2: Strikes out looking
Bottom of the 8th over - 0 runs, 3 hits, 0 errors, 3 left on base; Ithaca 2 - Nuevo Mexico 8
TOP OF THE 9TH
Ithaca Fighting Imps batting - Pitching for Nuevo Mexico Mariachis : RHP Cakaraka Subramanya
Batting: RHB Everett Garland 0-0: Ball
1-0: Swinging Strike
1-1: Ground out 6-3 (Groundball, 6, EV 90.0 MPH)
Batting: SHB Claude Long 0-0: Called Strike
0-1: Ball
1-1: Reached on error, E4 (Groundball, 4, EV 108.8 MPH)
Batting: RHB J.J. Holmes 0-0: Called Strike
0-1: SINGLE (Groundball, 56D, EV 103.1 MPH)
Claude Long to third
Batting: RHB Pedro Costa 0-0: Foul Ball, location: 2F
0-1: Swinging Strike
0-2: Strikes out swinging
Batting: RHB Daryl Pethick 0-0: Ball
1-0: Called Strike
1-1: Foul Ball, location: 2F
1-2: Fly out, F9 (Line Drive, 9D, EV 98.1 MPH)
Top of the 9th over - 0 runs, 1 hit, 1 error, 2 left on base; Ithaca 2 - Nuevo Mexico 8
Friday, March 26th, 2021 - OOTP Baseball 20.8 Build 74